 Dungeon Crawl Stone Soup version 0.18-a0-867-gfd1cc8f (webtiles) character file.

606 M4edhros the Sneak (level 7, -12/43 HPs)
             Began as an Octopode Artificer on Dec 21, 2015.
             Mangled by an orc warrior
             ... wielding a +0 halberd
              (17 damage)
             ... on level 6 of the Dungeon.
             The game lasted 00:04:03 (2919 turns).

M4edhros the Sneak (Octopode Artificer)             Turns: 2919, Time: 00:04:03

Health: -12/43     AC:  1    Str: 10    XL:     7   Next: 42%
Magic:  10/10      EV: 14    Int: 16    God:
Gold:   183        SH:  0    Dex: 13    Spells: 0 memorised, 6 levels left

rFire  . . .     SeeInvis .     r - +1 dagger (freeze)
rCold  . . .     Gourm    .     (no shield)
rNeg   . . .     Faith    .     (helmet restricted)
rPois  .         Spirit   .     (no amulet)
rElec  .         Dismiss  .     (no ring)
rCorr  .         Reflect  .     (no ring)
SustAt .         Harm     .     (no ring)
MR     .....                    (no ring)
Stlth  +++++.....               (no ring)
                                (no ring)
                                (no ring)
                                (no ring)

@: not resistant to hostile enchantments, quite stealthy
A: almost no armour, amphibious, 8 rings, constrict 8, camouflage 1, gelatinous
body 1
a: no special abilities


You were on level 6 of the Dungeon.
You were not hungry.

You visited 1 branch of the dungeon, and saw 6 of its levels.

You collected 273 gold pieces.
You spent 90 gold pieces at shops.

Inventory:

Hand Weapons
 a - a +0 short sword
 h - a +0 hunting sling
 r - a +1 dagger of freezing (weapon)
Missiles
 i - 73 stones (quivered)
Wands
 b - a wand of flame (15/48)
 c - a wand of enslavement (10/24)
 d - a wand of random effects (9/48)
Scrolls
 e - 4 scrolls of identify {unknown}
 j - 2 scrolls of teleportation {unknown}
 m - a scroll of enchant armour {unknown}
 n - 2 scrolls of blinking
 p - a scroll of fog {unknown}
 q - 2 scrolls of fear {unknown}
Potions
 l - a potion of resistance {unknown}
 o - a potion of flight {unknown}
 s - a potion of haste {unknown}
 t - a potion of agility {unknown}
 u - a potion of cancellation {unknown}
Comestibles
 f - 7 bread rations
 g - 8 fruits
 k - 3 beef jerkies


   Skills:
 - Level 1.0 Fighting
 - Level 1.0 Short Blades
 * Level 5.4 Dodging
 * Level 6.9 Stealth
 + Level 4.9 Evocations


You had 6 spell levels left.
You didn't know any spells.

Dungeon Overview and Level Annotations

Branches:
Dungeon (6/15)
 Temple: D:4-7

Altars:
Cheibriados
Ru
Yredelemnul

Shops:
D:4 *   D:6 (

Annotations:
D:4 M4edhros's ghost, amateur OpAr


Innate Abilities, Weirdness & Mutations

You cannot wear most types of armour.
You are amphibious.
You can wear up to eight rings at the same time.
You can use your tentacles to constrict eight enemies at once.
Your skin changes colour to match your surroundings (Stealth).
Your rubbery body absorbs attacks (AC +1).


Message History

You kill the orc!
The orc warrior hits you from afar with a halberd!!
Ouch! That really hurt!
* * * LOW HITPOINT WARNING * * *
You see here 13 gold pieces.
The orc warrior closely misses you.
You see here a throwing net.
v - a throwing net The orc warrior hits you from afar with a halberd!
* * * LOW HITPOINT WARNING * * *
Quiver which item? (- for none, * to show all) (? for menu, Esc to quit)
Quivering
v - a throwing net for throwing.
Throwing (i - inventory. (,) - cycle):
v - a throwing net (quivered)
Press: ? - help, Shift-Dir - straight line, f - orc warrior
Aim: an orc warrior, wielding a halberd and wearing a plate armour You throw a throwing net.
The throwing net barely misses the orc warrior.
The throwing net barely misses the orc.
The orc warrior hits you from afar with a halberd!
You die...

#.#.......#
#.#.......#
#.###...#.# #.#
#...#.#
#.###.#.#.#
#....###..#
#..##>#.###
#..###.#########
##
#..@##..........
..
#.#.############
#. #.#o# ##.
#.#o#
###########..
#.#.#
#........#...
#..(#
#.######.##..
#..## #.# #.##..
#######..# #.#
#.##..
#........# #.#
#.##.#


You could see an orc warrior and an orc.

Vanquished Creatures
  A centaur (D:6)
  3 giant frogs (D:6)
  An orc wizard (D:5)
  A centaur zombie (D:6)
  A jelly (D:6)
  A hound (D:5)
  An iguana (D:4)
  2 worker ants
  A hound skeleton (D:6)
  3 adders
  An ooze (D:6)
  A worm (D:5)
  3 orcs
  A giant cockroach (D:2)
  2 hobgoblins
  4 jackals (D:2)
  3 quokkas
  3 ball pythons
  4 bats
  A giant gecko (D:1)
  A giant gecko zombie (D:6)
  A giant newt (D:1)
  A goblin (D:2)
  3 kobolds
  6 rats
50 creatures vanquished.

Vanquished Creatures (collateral kills)
  An orc priest (D:5)
  A worker ant (D:5)
2 creatures vanquished.

Grand Total: 52 creatures vanquished

Notes
Turn   | Place    | Note
--------------------------------------------------------------
     0 | D:1      | M4edhros the Octopode Artificer began the quest for the Orb.
     0 | D:1      | Reached XP level 1. HP: 13/13 MP: 3/3
   326 | D:1      | Reached XP level 2. HP: 18/18 MP: 4/4
   558 | D:3      | Found a snail-covered altar of Cheibriados.
   709 | D:2      | Reached XP level 3. HP: 20/23 MP: 5/5
   734 | D:2      | Found a sacrificial altar of Ru.
   885 | D:4      | Found Ukugurai's General Store.
   890 | D:4      | Bought a scroll of blinking for 90 gold pieces
  1294 | D:4      | Noticed M4edhros's ghost (amateur OpAr)
  1440 | D:5      | Entered Level 5 of the Dungeon
  1483 | D:5      | Reached XP level 4. HP: 19/28 MP: 6/6
  1743 | D:5      | Reached skill level 4 in Stealth
  1978 | D:5      | Reached XP level 5. HP: 33/33 MP: 7/7
  2119 | D:5      | Reached skill level 5 in Stealth
  2119 | D:5      | Reached XP level 6. HP: 38/38 MP: 9/9
  2436 | D:6      | Found Puebyp's Weapon Shoppe.
  2680 | D:6      | Found a basalt altar of Yredelemnul.
  2691 | D:6      | Reached skill level 5 in Dodging
  2691 | D:6      | Reached skill level 6 in Stealth
  2691 | D:6      | Reached XP level 7. HP: 38/43 MP: 10/10
  2919 | D:6      | Mangled by an orc warrior

Vault maps used:
D:1:      eino_arrival_cavern_e
D:2:      nicolae_ru_awakened_eye
D:3:      cheibriados_altar_1, first_bread, serial_forest,
          infiniplex_forest_clump_tiny, infiniplex_forest_straight_5,
          infiniplex_forest_straight_3, infiniplex_forest_straight_3,
          infiniplex_forest_clump_small, infiniplex_forest_straight_2,
          kennysheep_generic_room_12
D:4:      serial_shops, shop
D:6:      lemuel_round_altar, serial_shops, shop

Action                   |  1- 3 |  4- 6 |  7- 9 || total
-------------------------+-------+-------+-------++-------
Melee: Short sword       |    14 |    10 |       ||    24
       Hunting sling     |     5 |       |       ||     5
       Dagger            |       |    30 |     9 ||    39
 Fire: Hunting sling     |    62 |       |       ||    62
Throw: Throwing net      |       |       |     1 ||     1
Evoke: Wand              |     6 |     5 |       ||    11
 Stab: Sleeping          |     4 |    12 |     3 ||    19
       Paralysed         |     2 |       |       ||     2
       Distracted        |     1 |       |       ||     1
  Eat: Meat ration       |       |     1 |       ||     1
       Chunk             |       |     1 |       ||     1
